 Dungeon Crawl Stone Soup version 0.28.0-53-g5a82cb258f (webtiles) character file.

Game seed: 2318693275357562182

102 Kame the Ruffian (level 4, -1/43 (45) HPs)
             Began as a Troll Berserker on July 27, 2022.
             Was a Believer of Trog.
             Slain by a goblin
             ... wielding a +0 dagger
             ... led by Robin
              (5 damage)
             ... on level 2 of the Dungeon.
             The game lasted 00:11:48 (1919 turns).

Kame the Ruffian (Troll Berserker)                  Turns: 1919, Time: 00:11:49

HP:   -1/43 (45)    AC:  4    Str: 27    XL:     4   Next: 50%
MP:   3/3           EV: 10    Int:  3    God:    Trog [**....]
Gold: 64            SH:  0    Dex:  9    Spells: 3/3 levels left

rFire   . . .      SeeInvis .   c - +1 dagger (holy)
rCold   . . .      Faith    .   (no shield)
rNeg    . . .      Spirit   .   k - +0 robe
rPois   .          Reflect  .   (helmet restricted)
rElec   .          Harm     .   (no cloak)
rCorr   .          Rampage  .   (gloves unavailable)
Will    .....                   (boots unavailable)
Stlth   +.........              (no amulet)
HPRegen 0.94/turn               (no ring)
MPRegen 0.08/turn               (no ring)

@: lightly drained
A: large, unfitting armour, claws 3, regeneration 1, shaggy fur 1, tough skin 1
a: Renounce Religion, Berserk, Trog's Hand


You were on level 2 of the Dungeon.
You worshipped Trog.
Trog was pleased with you.
You visited 1 branch of the dungeon, and saw 2 of its levels.

You collected 64 gold pieces.

Inventory:

Hand Weapons
 b - a +0 mace
 c - a +1 dagger of holy wrath (weapon)
 d - a +0 dagger of venom
 h - a +0 club
 i - a +0 mace
Missiles
 j - 24 stones (quivered)
Armour
 a - a +0 animal skin
 e - a +0 helmet
 k - a +0 robe (worn)
 l - a +3 scale mail of cold resistance
Potions
 g - a potion of brilliance


   Skills:
 + Level 3.1 Fighting
 + Level 0.5 Short Blades
 + Level 3.1 Dodging
 + Level 0.1 Stealth
 + Level 3.8 Unarmed Combat


You had 3 spell levels left.
You didn't know any spells.
Your spell library was empty.

Dungeon Overview and Level Annotations

Branches:
Dungeon (2/15)

Altars:

Annotations:
D:2 Robin, Sigmund


Innate Abilities, Weirdness & Mutations

You are too large for most types of armour.
You have claws for hands.
Your natural rate of healing is unusually fast.
You are covered in fur. (AC +1)
You have tough skin. (AC +1)


Message History

The goblin hits you with a +0 dagger.
* * * LOW HITPOINT WARNING * * *
The goblin hits you with a +0 dagger.
* * * LOW HITPOINT WARNING * * *
Unknown command.
You are too injured to fight recklessly!
You are too injured to fight recklessly!
You are too injured to fight recklessly!
You are too injured to fight recklessly!
You are too injured to fight recklessly!
You are too injured to fight recklessly!
You are too injured to fight recklessly!
You are too injured to fight recklessly!
You are too injured to fight recklessly!
You are too injured to fight recklessly!
You are too injured to fight recklessly!
You are too injured to fight recklessly!
You are too injured to fight recklessly!
You are too injured to fight recklessly!
You are too injured to fight recklessly!
You are too injured to fight recklessly!
You are too injured to fight recklessly!
You are too injured to fight recklessly!
You are too injured to fight recklessly!
You are too injured to fight recklessly!
You are too injured to fight recklessly!
You are too injured to fight recklessly!
You are too injured to fight recklessly!
You are too injured to fight recklessly!
You are too injured to fight recklessly!
You are too injured to fight recklessly!
You are too injured to fight recklessly!
You are too injured to fight recklessly!
You are too injured to fight recklessly!
You are too injured to fight recklessly!
You are too injured to fight recklessly!
You barely miss the goblin.
The goblin is heavily wounded.
The goblin barely misses you. The goblin hits you with a +0 dagger.
You die...

#.# #.#...g................
#.###)###.#.....###.#######
#..)...........## ##.##
#####...#......# #†.#
#..##.####.# ##..# #.)##.#
##.###.#.# #..##.##
#...##... #..†.g)# ##.##
###.# ##.##g@# #.# #
#.##gg# #.# #.##..# #.#
#.##..# #.# #.##..# #..
#...... ... ###.#.## #..
..#.. #..# ## ##


You could see Robin and 3 goblins.

Vanquished Creatures
  Natasha (D:2)
  Terence (D:2)
  2 adders (D:2)
  A worm (D:2)
  A dart slug (D:1)
  2 endoplasms (D:1)
  2 giant cockroaches (D:1)
  8 goblins (D:2)
  2 hobgoblins
  3 ball pythons
  2 bats
  3 frilled lizards
  2 kobolds (D:2)
  4 rats
34 creatures vanquished.

Notes
Turn   | Place    | Note
-------+----------+-------------------------------------------
     0 | D:1      | Kame the Troll Berserker began the quest for the Orb.
     0 | D:1      | Reached XP level 1. HP: 22/22 MP: 0/0
     3 | D:1      | Noticed an electric eel
     4 | D:1      | Noticed an electric eel
   216 | D:1      | Reached XP level 2. HP: 29/29 MP: 1/1
  1133 | D:2      | Noticed Natasha
  1142 | D:2      | Killed Natasha
  1143 | D:2      | Reached XP level 3. HP: 18/36 MP: 2/2
  1162 | D:2      | Noticed Terence
  1181 | D:2      | Killed Terence
  1182 | D:2      | Reached XP level 4. HP: 26/39 MP: 3/3
  1187 | D:2      | Reached ** piety under Trog
  1436 | D:2      | Noticed Sigmund
  1893 | D:2      | Noticed Robin
  1919 | D:2      | Slain by a goblin

Illustrated notes

Levels and vault maps discovered:
D:1:      arrival_aquarium_b, layout_basic, minmay_indecisive_spiral
D:2:      wander_river, layout_loops_ring, uniq_natasha, uniq_sigmund,
          uniq_terence, uniq_robin

Skill      XL: |  1  2  3 |
---------------+----------+-----
Fighting       | 3 |  3.1
Dodging        | 3 |  3.1
Short Blades   | |  0.5
Stealth        | |  0.1
Unarmed Combat | |  3.8

Action                   |  1- 3 |  4- 6 || total
-------------------------+-------+-------++-------
Melee: Unarmed           |     8 |       ||     8
       Punch             |     3 |       ||     3
       Dagger            |    48 |    61 ||   109
  Use: Scroll            |     1 |     1 ||     2
       Potion            |     3 |     2 ||     5
Armor: Animal skin       |     9 |     4 ||    13
       Robe              |       |    23 ||    23
Dodge: Dodged            |    26 |    50 ||    76
